AoeStats
← 一杯冰美式

Black Forest

510023629Analyzed
4v4 RM · 4d ago on Sep 29, 2026· 44m 0s· 8 players
Game mode
Random Map
Map size
Large (8 player)
Population
200
Speed
Normal
Resources
Standard
Victory
Conquest
Starting age
Dark Age
Ending age
Imperial Age
RankedLock teamsTeams togetherTeam positionsShared explorationLock speedFull tech treeHidden civsTurbo modeCheats
Victory
Defeat
🇻🇳 Bohemians · Vietnam
1200
+13
🇨🇳 Bengalis · China
1165
+18
🇨🇳 Saxons · China
1164
+15
🇹🇼 Ethiopians · Taiwan
1114
+17
🇺🇸 Varangians · United States
1170
-16
🇨🇦 Persians · Canada
1132
-15
🇩🇪 Spanish · Germany
1132
-15
🇲🇽 Poles · Mexico
1118
-14
XGPU1741
4:39 Loom
10:01 Feudal Age
10:38 Double-Bit Axe
17:11 Castle Age
16:44 Gold Mining
22:28 Horse Collar
23:44 Wheelbarrow
23:41 Fervor
24:11 Bow Saw
24:54 Heavy Plow
27:08 Hand Cart
27:21 Stone Mining
28:11 Gold Shaft Mining
33:04 Imperial Age
30:49 Forging
30:51 Bloodlines
30:42 Husbandry
31:22 Scale Barding Armor
33:07 Iron Casting
32:55 Chain Barding Armor
33:07 Elite Battle Elephant
35:11 Blast Furnace
34:33 Chain Barding Armor
35:52 Plate Barding Armor
35:44 Conscription
35:30 Paiks
35:09 Siege Elephant
37:10 Two-Man Saw
37:21 Coinage
36:53 Caravan
40:41 Mahayana
43:03 Town Watch
43:13 Fletching
43:27 Padded Archer Armor
45:17 Chemistry
44:37 Ballistics
44:29 Bodkin Arrow
44:50 Leather Archer Armor
一杯冰美式
1:42 Loom
2:09 Loom
11:55 Feudal Age
16:55 Castle Age
14:57 Horse Collar
20:54 Double-Bit Axe
22:14 Bow Saw
22:05 Gold Mining
24:21 Wheelbarrow
25:53 Hand Cart
25:24 Town Watch
29:42 Imperial Age
27:40 Heavy Plow
27:09 Crossbowman
27:49 Fletching
28:01 Padded Archer Armor
29:09 Gold Shaft Mining
30:20 Thumb Ring
30:16 Bodkin Arrow
30:36 Leather Archer Armor
30:46 Conscription
32:39 Scale Mail Armor
35:02 Two-Man Saw
34:46 Arbalester
36:34 Chemistry
36:33 Ballistics
36:33 Bracer
37:03 Ring Archer Armor
42:07 Ring Archer Armor
42:34 Torsion Engines
电风扇
11:25 Feudal Age
11:26 Loom
12:16 Loom
12:49 Double-Bit Axe
13:33 Horse Collar
14:30 Wheelbarrow
20:48 Castle Age
19:23 Stone Mining
19:24 Gold Mining
21:38 Bow Saw
24:16 Heavy Plow
32:37 Imperial Age
30:59 Hand Cart
31:13 Scale Mail Armor
31:03 Fletching
30:38 Pikeman
31:18 Squires
32:04 Gold Shaft Mining
32:25 Chain Mail Armor
32:26 Squires
32:24 Bodkin Arrow
33:41 Conscription
33:57 Plate Mail Armor
33:12 Capped Ram
34:08 Siege Engineers
33:51 Town Watch
34:35 Masonry
34:03 Siege Ram
35:50 Two-Man Saw
34:24 Shield Wall
35:58 Crop Rotation
36:52 Chemistry
36:12 Ballistics
36:06 Masonry
35:51 Murder Holes
35:44 Halberdier
36:09 Elite Hearth Troop
37:36 Forging
37:28 Bracer
38:01 Town Patrol
38:48 Architecture
39:27 Iron Casting
40:30 Guilds
40:50 Coinage
40:38 Padded Archer Armor
42:04 Leather Archer Armor
41:37 Treadmill Crane
43:05 Hoardings
41:54 Elite Varangian Guard
42:19 Arson
43:29 Caravan
43:59 Banking
44:00 Arrowslits
44:05 Guard Tower
44:11 Guard Tower
GAO++pro a>n
1:13 Loom
12:57 Feudal Age
16:33 Fletching
22:57 Castle Age
21:20 Double-Bit Axe
21:16 Horse Collar
28:02 Wheelbarrow
27:29 Heavy Plow
27:39 Bow Saw
31:03 Chemistry
31:04 Padded Archer Armor
32:03 Leather Archer Armor
32:19 Bow Saw
36:54 Imperial Age
35:25 Ballistics
37:01 Caravan
38:15 Ring Archer Armor
41:33 Hand Cart
42:22 Two-Man Saw
42:31 Houfnice
43:19 Wagenburg Tactics
Method0fMadness
4:08 Loom
10:01 Feudal Age
24:02 Castle Age
22:16 Horse Collar
22:36 Double-Bit Axe
23:29 Gold Mining
23:29 Stone Mining
25:25 Bow Saw
28:09 Wheelbarrow
29:30 Fletching
29:40 Padded Archer Armor
30:11 Heavy Plow
31:07 Crossbowman
32:25 Hand Cart
32:51 Leather Archer Armor
33:55 Kamandaran
37:48 Imperial Age
35:32 Bodkin Arrow
35:44 Scale Barding Armor
37:14 Elite Skirmisher
38:02 Thumb Ring
37:43 Elite Skirmisher
39:48 Conscription
40:19 Ring Archer Armor
41:50 Elite War Elephant
43:30 Forging
kazama.johannes
0:47 Loom
12:33 Feudal Age
13:02 Horse Collar
13:42 Double-Bit Axe
19:28 Castle Age
20:11 Heavy Plow
20:21 Bow Saw
22:15 Wheelbarrow
23:40 Hand Cart
26:12 Gold Mining
31:28 Imperial Age
31:36 Imperial Age
29:12 Szlachta Privileges
29:54 Bloodlines
29:55 Forging
29:53 Scale Barding Armor
30:14 Husbandry
31:41 Iron Casting
31:27 Chain Barding Armor
32:43 Conscription
31:46 Cavalier
33:27 Crop Rotation
34:00 Blast Furnace
37:18 Chemistry
36:40 Siege Engineers
OXYEHHO
1:19 Loom
9:42 Feudal Age
10:58 Man-at-Arms
20:23 Double-Bit Axe
26:37 Castle Age
25:02 Gold Mining
27:58 Wheelbarrow
28:48 Scale Barding Armor
28:56 Forging
30:37 Scale Mail Armor
31:13 Iron Casting
32:15 Horse Collar
34:16 Chain Mail Armor
35:43 Squires
35:29 Gambesons
37:52 Pikeman
haspirits
5:30 Loom
13:21 Feudal Age
17:00 Castle Age
15:17 Double-Bit Axe
15:14 Horse Collar
15:31 Gold Mining
18:28 Wheelbarrow
18:11 Heavy Plow
18:23 Bow Saw
23:59 Stone Mining
26:17 Hand Cart
29:16 Fletching
30:06 Bodkin Arrow
33:24 Imperial Age
31:50 Ballistics
32:00 Forging
31:51 Padded Archer Armor
31:33 Pikeman
32:22 Thumb Ring
33:42 Iron Casting
32:41 Elite Skirmisher
33:17 Town Watch
34:00 Leather Archer Armor
33:26 Halberdier
35:13 Chemistry
34:39 Bracer
35:39 Blast Furnace
34:39 Gambesons
34:55 Squires
36:23 Ring Archer Armor
35:54 Scale Mail Armor
37:37 Bombard Tower
Connection lost

Rejoining the realm…

Still unreachable

The connection could not be restored.

Session expired

The server has moved on; the page needs a fresh start.